 Dungeon Crawl Stone Soup version 0.27-a0-40-g5f2be0e231 (webtiles) character file.

Game seed: 3258843583986906074

81794 Goblin1989 the Covert (level 15, 0/81 HPs)
             Began as a Vine Stalker Brigand on Jan 5, 2021.
             Was an Elder of Uskayaw.
             Slain by an orc knight
             ... wielding a +1 war axe of freezing
              (2 damage)
             ... on level 2 of the Orcish Mines.
             The game lasted 01:00:52 (19810 turns).

Goblin1989 the Covert (Vine Stalker Brigand)       Turns: 19810, Time: 01:00:53

Health: 0/81       AC: 14    Str: 19    XL:     15   Next: 71%
Magic:  0/22       EV: 23    Int: 11    God:    Uskayaw [****..]
Gold:   2235       SH:  6    Dex: 21    Spells: 14/14 levels left

rFire    + . .     SeeInvis +   a - +3 dagger (venom)
rCold    . . .     Faith    .   H - +0 buckler
rNeg     . . .     Spirit   +   N - +5 ring mail "Teupun" {rF+ Str-2 Slay+2}
rPois    +         Reflect  .   n - -1 hat of the Evening Star {rPois SInv} (curse)
rElec    .         Harm     .   Q - +1 cloak
rCorr    .         Rampage  .   S - +0 pair of gloves
Will     +....                  K - +0 pair of boots
Stlth    +++++.....             (no amulet)
HPRegen  1.03/turn              Y - +6 ring of strength
MPRegen  0.18/turn              L - +4 ring of evasion

@: about to teleport, studying Dodging
A: fangs 3, regeneration 2, magic shield, antimagic bite, no potion heal 3
a: Renounce Religion, Stomp, Line Pass


You were on level 2 of the Orcish Mines.
You worshipped Uskayaw.
Uskayaw was aware of your devotion.
You visited 4 branches of the dungeon, and saw 20 of its levels.
You also visited: Sewer, Gauntlet and Volcano.

You collected 2235 gold pieces.

Inventory:

Hand Weapons
 a - a +3 dagger of venom (weapon)
 b - a +3 dagger of speed
 E - the +5 hunting sling "Naeppos" {vorpal, rC++ MP+9 Stlth+}
   (You took it off a minotaur in a Gauntlet)

   Any stone fired from it inflicts extra damage.
   It greatly protects you from cold.
   It affects your magic capacity (+9).
   It makes you more stealthy.
Missiles
 d - 65 poisoned darts (quivered)
 r - 90 sling bullets
 t - 561 stones {@Q3}
 u - 5 curare-tipped darts
 y - 22 silver javelins {@Q2}
Armour
 c - the +5 leather armour of Slovenliness {Rampage +Inv}
   (You found it on level 2 of the Lair of Beasts)

   It lets you turn invisible.
   It bestows one free step when moving towards enemies.
 n - the cursed -1 hat of the Evening Star (worn) {rPois SInv}
   (You found it in a Gauntlet)

   It protects you from poison.
   It lets you see invisible.
   It has a curse placed upon it.
 H - a +0 buckler (worn)
 K - a +0 pair of boots (worn)
 N - the +5 ring mail "Teupun" (worn) {rF+ Str-2 Slay+2}
   (You found it on level 7 of the Dungeon)

   It affects your strength (-2).
   It affects your accuracy and damage with ranged weapons and melee attacks
   (+2).
   It protects you from fire.
 Q - a +1 cloak (worn)
 S - a +0 pair of gloves (worn)
Jewellery
 f - an uncursed ring of protection from fire
 g - an uncursed ring of resist corrosion
 l - an uncursed ring of flight
 o - an uncursed ring of ice
 C - an uncursed ring of protection from fire
 F - an uncursed ring of protection from fire
 L - a +4 ring of evasion (right hand)
 V - the ring of Binac {*Tele rN++ Str-2 Dex+3 Slay+3}
   (You found it in a Gauntlet)

   [ring of teleportation]

   It may teleport you next to monsters.
   It affects your strength (-2).
   It affects your dexterity (+3).
   It affects your accuracy and damage with ranged weapons and melee attacks
   (+3).
   It greatly protects you from negative energy.
 Y - a +6 ring of strength (left hand)
Wands
 p - a wand of polymorph (5)
 s - a wand of enslavement (11)
 v - a wand of digging (6) {@v1}
 w - a wand of flame (26) {@v6}
 x - a wand of iceblast (26) {@v4}
 A - a wand of acid (22) {@v2}
Scrolls
 j - 4 scrolls of immolation
 k - 10 scrolls of remove curse {@r3}
 B - 2 scrolls of blinking
 G - a scroll of enchant weapon
 I - 2 scrolls of summoning
 M - a scroll of magic mapping
 T - 6 scrolls of teleportation {!r, @r2}
 X - 2 scrolls of fear {unknown}
 Z - a scroll of acquirement {unknown}
Potions
 h - a potion of flight
 i - 5 potions of lignification
 m - 4 potions of attraction
 z - 4 potions of brilliance
 D - 6 potions of berserk rage {unknown}
 J - 3 potions of haste {@q3,}
 O - 2 potions of ambrosia
 P - 10 potions of curing {@q1}
 U - 2 potions of might {@q4}
 W - 2 potions of resistance {unknown}
Books
 R - a manual of Dodging


   Skills:
 + Level 10.7 Fighting
 - Level 14.0 Short Blades
 - Level 1.7 Throwing
 - Level 5.0 Armour
 + Level 10.2 Dodging
 - Level 14.0 Stealth
 - Level 4.0 Shields
 + Level 8.8 Invocations
 - Level 5.0 Evocations


You had 14 spell levels left.
You didn't know any spells.
Your spell library contained the following spells:

 Spells                   Type           Power        Failure   Level
 Corona                   Hex            0%           52%         1
 Magic Dart               Conj           0%           52%         1
 Blink                    Tloc           N/A          65%         2
 Searing Ray              Conj           0%           65%         2
 Slow                     Hex            0%           65%         2
 Dazzling Flash           Conj/Hex       0%           87%         3
 Gell's Gravitas          Tloc           0%           87%         3
 Inner Flame              Hex/Fire       0%           87%         3
 Lesser Beckoning         Tloc           0%           87%         3
 Portal Projectile        Hex/Tloc       0%           87%         3
 Teleport Other           Tloc           0%           87%         3
 Cause Fear               Hex            0%           99%         4
 Fulminant Prism          Conj/Hex       0%           99%         4
 Iskenderun's Mystic Bla  Conj/Tloc      0%           99%         4
 Leda's Liquefaction      Hex/Erth       0%           99%         4
 Passage of Golubria      Tloc           N/A          99%         4


Dungeon Overview and Level Annotations

Branches:
Dungeon (11/15)            Temple (1/1) D:4            Lair (6/6) D:11
 Shoals (0/4) Lair:4       Spider (0/4) Lair:2        Slime (0/5) Lair:6
    Orc (2/2) D:11            Elf (0/3) Orc:2         Sewer (visited)
Volcano (visited)         Gauntlet (visited)

Altars:
Ashenzari
Cheibriados
Dithmenos
Elyvilon
Fedhas
Gozag
Hepliaklqana
Kikubaaqudgha
Makhleb
Nemelex Xobeh
Okawaru
Qazlal
Ru
Sif Muna
Trog
Uskayaw
Vehumet
Wu Jian
Xom
Yredelemnul
Zin
The Shining One
Jiyva

Portals:
Bazaar: Orc:2

Annotations:
D:5 2 exclusions
Lair:4 exclusion: oklob plant
Lair:6 1 runed translucent door


Innate Abilities, Weirdness & Mutations

You have razor-sharp teeth.
You heal very quickly.
When hurt, damage is shared between your health and your magic reserves.
Your bite disrupts and absorbs the magic of your enemies.
Potions cannot restore your health.


Message History

The orc warrior completely misses you.
The neqoxec gestures.
You closely miss the orc high priest. You bite the orc high priest.
You drain its power.
The orc high priest is moderately wounded.
The orc high priest calls upon Beogh to heal the orc knight.
The orc knight's wounds heal themselves!
Uskayaw will force your foes to helplessly watch your dance.
Uskayaw prepares the audience for your solo!
The helpless orc high priest fails to defend itself.
You perforate the orc high priest like a sieve!!!!!
You kill the orc high priest!
The helpless orc warrior fails to defend itself.
You spit the orc warrior like a pig!!!!!
You kill the orc warrior!
The soul eater is engulfed in blazing flames.
An orc warrior comes into view.
It is wielding a +0 trident and wearing a +1 plate armour of cold resistance.
Uskayaw will force your foes to share their pain.
Uskayaw links your audience in an emotional bond!
You completely miss the orc wizard. Your bite misses the orc wizard.
The ice devil is no longer paralysed.
The orc sorcerer is no longer paralysed.
The orc knight is no longer paralysed.
The orc high priest is no longer paralysed.
The orc knight is no longer paralysed.
The orc sorcerer mumbles some strange words.
The orc wizard hits you but does no damage.
The orc high priest calls upon Beogh to heal the orc warrior.
The orc warrior's wounds heal themselves!
You hit the orc wizard but do no damage.
The orc wizard is poisoned.
You bite the orc wizard.
The orc wizard's magic leaks into the air.
You drain its magic.
The orc wizard is lightly wounded.
The soul eater is no longer paralysed.
The rust devil is no longer paralysed.
You hit the ice devil but do no damage. You bite the ice devil.
You drain its power.
The ice devil is lightly wounded.
The smoke demon is no longer paralysed.
The orc high priest is no longer paralysed.
The orc sorcerer is no longer paralysed.
The orc knight is no longer paralysed.
The orc wizard hits you but does no damage.
You regained 2 hp, and now have 66/81 hp.
You barely miss the ice devil. Your bite misses the ice devil.
The ice devil is lightly wounded.
The neqoxec is no longer paralysed.
The shadow imp is no longer paralysed.
The iron imp is no longer paralysed.
The ice devil misses you.
The orc sorcerer gestures at you while chanting.
The bolt of fire hits the orc wizard!!
The orc wizard dies!
The bolt of fire hits you! You resist.
You hit the ice devil but do no damage. Your bite misses the ice devil.
The ice devil is moderately wounded.
You hit the ice devil.
The ice devil is poisoned.
You bite the ice devil, but do no damage.
The ice devil is moderately wounded.
The ice devil hits you but does no damage.
You take 11 damage, and have 55/81 hp.
You now have 18/22 mp.
You hit the ice devil but do no damage.
The ice devil is moderately wounded.
The orc high priest is no longer sharing its pain.
You hit the ice devil but do no damage.
The ice devil looks even sicker.
The ice devil is moderately wounded.
The iron imp is no longer sharing its pain.
The ice devil hits you but does no damage.
The orc knight hits you with a +1 war axe of freezing!!
* * * LOW HITPOINT WARNING * * *
The orc knight freezes you!
* * * LOW HITPOINT WARNING * * *
The orc sorcerer closely misses you. The orc knight misses you.
You are too injured to fight recklessly!
You take 33 damage, and have 23/81 hp.
MASSIVE DAMAGE!!
You now have 7/22 mp.
You are too injured to fight recklessly!
You are too injured to fight recklessly!
You are too injured to fight recklessly!
You are too injured to fight recklessly!
You are too injured to fight recklessly!
You are too injured to fight recklessly!
You are too injured to fight recklessly!
You are too injured to fight recklessly!
You are too injured to fight recklessly!
You are too injured to fight recklessly!
You are too injured to fight recklessly!
You are too injured to fight recklessly!
You are too injured to fight recklessly!
Really read
T - 7 scrolls of teleportation {!r, @r2}?
As you read the scroll of teleportation {!r, @r2}, it crumbles to dust.
You feel strangely unstable.
The ice devil is no longer sharing its pain.
The shadow imp is no longer sharing its pain.
The orc high priest mumbles some strange prayers to Beogh.
The smoke demon gestures at you. Something smites you!
* * * LOW HITPOINT WARNING * * *
The ice devil completely misses you. The orc sorcerer closely misses you.
The orc knight hits you with a +1 war axe of freezing!
* * * LOW HITPOINT WARNING * * *
The orc knight freezes you.
You die...

██......[)..).████....█
█...█..........███....██
)................██....█
█.█...............███.██
.........█████.)...████
........██ ▓▓███....█
███.█.███▓▓▓··▓██...█
.██████▓▓······██...█ ██
▓▓∩·······█@o.██ █
▓▓···.÷o.3oo4o.█
▓∩···..○4333o.██
▓∩···÷...o54.██
▓▓▓▓▓▓▓▓▓ ▓▓···...3÷...█
▓········ ▓▓∩·...5..███
▓·▓▓▓▓▓▓▓ ▓▓▓....÷█▓
▓·▓··▓··▓ ▓█████▓
▓▓·▓·▓▓▓▓· ▓▓▓··▲······


You could see 2 orc knights, a soul eater (summoned, pain bonded), 2 orc high
priests, 2 ice devils, a rust devil (summoned, pain bonded), 2 smoke demons, a
neqoxec (summoned, pain bonded), a ynoxinul (summoned), 2 orc sorcerers, an iron
imp (summoned), an orc priest (strong) and a shadow imp (summoned).

Vanquished Creatures
  An orc warlord (Orc:1)
  A minotaur (Gauntlet)
  A dire elephant (Lair:6)
  The ghost of Tungsten the Thaumaturge, a journeyman DEIE of Vehumet (Lair:6)
  A boulder beetle (Lair:6)
  5 hydras
  2 catoblepae
  Erica (D:10)
  7 two-headed ogres
  An alligator (Lair:6)
  A hell hog (Gauntlet)
  A queen ant (D:8)
  3 death yaks (Lair:6)
  2 orc high priests (Orc:2)
  2 skeletal warriors (Volcano)
  An unseen horror (D:11)
  An orange crystal statue (Orc:2)
  An orb spider (Lair:2)
  3 anaconda skeletons (Volcano)
  An orc knight (Orc:2)
  2 lindwurms (Lair:6)
  3 orc sorcerers
  A cyclops (Orc:1)
  3 manticores
  23 elephants
  A moth of wrath (Gauntlet)
  5 black mambas
  A torpor snail (Lair:2)
  5 gargoyles (Volcano)
  18 cane toads
  7 rime drakes
  9 komodo dragons
  3 trolls
  2 harpy skeletons (Volcano)
  A hornet (D:7)
  4 polar bears
  24 blink frogs
  A wind drake (Lair:4)
  10 dream sheep
  5 flying skulls
  2 alligator skeletons (Volcano)
  A shadow (D:11)
  40 yaks
  A vampire (D:10)
  2 fire bats (Gauntlet)
  2 basilisks (Lair:6)
  10 wyverns
  Grum (D:9)
  A steam dragon (D:10)
  5 wargs
  20 soldier ants (D:8)
  2 hell hounds (Gauntlet)
  16 water moccasins
  3 ice beasts
  22 orc warriors
  Purgy (Sewer)
  5 phantoms
  A black bear (Lair:4)
  An eye of draining (D:10)
  4 centaurs
  18 wolves
  10 ogres
  2 big kobolds
  12 bullfrogs
  A wyvern zombie (D:6)
  3 scorpions
  A wyvern skeleton (D:10)
  A water moccasin skeleton (D:7)
  14 killer bees
  10 wights
  10 howler monkeys
  4 electric eels
  4 spriggan skeletons (Volcano)
  A lava snake (Lair:2)
  A quasit (D:10)
  4 jellies
  11 hounds
  18 orc priests
  23 orc wizards
  3 bullfrog skeletons
  A centaur skeleton (D:11)
  Jessica (D:3)
  8 iguanas
  Ijyb (D:3)
  Natasha (twice) (D:3)
  32 worker ants
  6 hell rats (Lair:6)
  2 hound skeletons (D:8)
  A worker ant zombie (D:7)
  Robin (D:3)
  A howler monkey skeleton (D:10)
  11 adders
  A white imp (D:6)
  An ufetubus (D:10)
  2 oozes
  An adder zombie (D:9)
  2 adder skeletons (D:5)
  6 worms
  A dart slug (D:4)
  4 leopard geckos
  65 orcs
  A ball python (D:2)
  7 bats
  4 giant cockroaches
  12 goblins
  13 hobgoblins
  16 jackals
  7 quokkas
  4 frilled lizards
  A jackal skeleton (D:5)
  17 kobolds
  A leopard gecko skeleton (D:6)
  A quokka skeleton (D:8)
  10 rats
700 creatures vanquished.

Vanquished Creatures (collateral kills)
  An orc priest (Orc:1)
1 creature vanquished.

Vanquished Creatures (others)
  A flying skull (Volcano)
  2 orc warriors
  An orc priest (Orc:2)
  2 orc wizards (Orc:2)
  21 fungi
  53 plants
80 creatures vanquished.

Grand Total: 781 creatures vanquished

Notes
Turn   | Place    | Note
-------+----------+-------------------------------------------
     0 | D:1      | Goblin1989 the Vine Stalker Brigand began the quest for the
                  | Orb.
     0 | D:1      | Reached XP level 1. HP: 11/11 MP: 2/2
   160 | D:1      | Reached skill level 5 in Stealth
   163 | D:1      | Reached XP level 2. HP: 7/15 MP: 1/3
   956 | D:2      | Reached XP level 3. HP: 4/18 MP: 4/4
  1574 | D:2      | Gained mutation: Your natural rate of healing is unusually
                  | fast. [Vine Stalker growth]
  1574 | D:2      | Reached XP level 4. HP: 13/23 MP: 3/5
  1990 | D:3      | Noticed Robin
  2004 | D:3      | Killed Robin
  2099 | D:3      | Noticed Ijyb
  2110 | D:3      | Killed Ijyb
  2111 | D:3      | Reached XP level 5. HP: 26/26 MP: 6/6
  2245 | D:3      | Noticed Jessica
  2253 | D:3      | Killed Jessica
  2673 | D:3      | Noticed Natasha
  2682 | D:3      | Killed Natasha
  2683 | D:3      | Reached XP level 6. HP: 18/30 MP: 7/7
  2800 | D:4      | Found a staircase to the Ecumenical Temple.
  2811 | Temple   | Entered the Ecumenical Temple
  2966 | Temple   | Became a worshipper of Uskayaw the Reveller
  2986 | D:4      | Reached * piety under Uskayaw
  3155 | D:4      | Found a glowing silver altar of Zin.
  3227 | D:4      | Reached ** piety under Uskayaw
  3231 | D:4      | Reached skill level 5 in Short Blades
  3231 | D:4      | Reached skill level 1 in Invocations
  3451 | D:4      | Found a blossoming altar of Fedhas.
  3457 | D:4      | Found an ornate altar of the Wu Jian Council.
  3460 | D:4      | Found an iron altar of Okawaru.
  3804 | D:4      | Reached XP level 7. HP: 34/34 MP: 9/9
  3916 | D:5      | Entered Level 5 of the Dungeon
  4076 | D:5      | Found a broken altar of Ashenzari.
  4234 | D:5      | Reached *** piety under Uskayaw
  4308 | D:5      | Found a glowing drain.
  4318 | Sewer    | Entered a sewer
  4418 | Sewer    | Noticed Purgy
  4420 | Sewer    | Killed Purgy
  5164 | D:6      | Gained mutation: You have razor-sharp teeth. [Vine Stalker
                  | growth]
  5164 | D:6      | Reached XP level 8. HP: 33/38 MP: 11/11
  5202 | D:6      | Reached **** piety under Uskayaw
  5203 | D:6      | Reached skill level 1 in Dodging
  5205 | D:6      | Reached ***** piety under Uskayaw
  5378 | D:6      | Found a sparkling altar of Nemelex Xobeh.
  5834 | D:7      | Got a faintly humming ring mail
  5839 | D:7      | Noticed a hornet
  5848 | D:7      | Killed a hornet
  5849 | D:7      | Reached XP level 9. HP: 37/44 MP: 7/13
  5915 | D:7      | Noticed a troll
  5925 | D:7      | Killed a troll
  6987 | D:7      | Identified the +5 ring mail "Teupun" {rF+ Str-2 Slay+2}
                  | (You found it on level 7 of the Dungeon)
  7114 | D:3      | Noticed Natasha
  7118 | D:3      | Killed Natasha
  7262 | D:8      | Reached skill level 5 in Invocations
  7340 | D:8      | Reached skill level 1 in Armour
  7391 | D:8      | Noticed a two-headed ogre
  7405 | D:8      | Killed a two-headed ogre
  7406 | D:8      | Reached XP level 10. HP: 33/51 MP: 9/14
  7643 | D:8      | Reached skill level 10 in Stealth
  7674 | D:8      | Noticed a queen ant
  7702 | D:8      | Killed a queen ant
  7703 | D:8      | Reached skill level 5 in Fighting
  7706 | D:8      | Reached ****** piety under Uskayaw
  7729 | D:8      | Reached XP level 11. HP: 47/56 MP: 13/15
  7776 | D:8      | Reached skill level 10 in Short Blades
  8291 | D:9      | Noticed a two-headed ogre
  8298 | D:9      | Killed a two-headed ogre
  8299 | D:9      | Reached skill level 5 in Dodging
  8535 | D:9      | Noticed Grum
  8558 | D:9      | Killed Grum
  8805 | D:9      | Noticed a two-headed ogre
  8852 | D:9      | Killed a two-headed ogre
  8853 | D:9      | Reached skill level 1 in Shields
  9074 | D:9      | Noticed a two-headed ogre
  9079 | D:9      | Killed a two-headed ogre
  9237 | D:10     | Entered Level 10 of the Dungeon
  9439 | D:10     | Got a warped quarterstaff
  9559 | D:10     | Noticed a two-headed ogre
  9570 | D:10     | Killed a two-headed ogre
  9617 | D:10     | Noticed Erica
  9626 | D:10     | Killed Erica
  9627 | D:10     | Gained mutation: You heal very quickly. [Vine Stalker
                  | growth]
  9627 | D:10     | Reached XP level 12. HP: 62/62 MP: 16/16
  9852 | D:11     | Found a gate leading to a gauntlet.
  9868 | Gauntlet | Entered a Gauntlet
  9868 | Gauntlet | Found a transporter.
  9884 | Gauntlet | Found a transporter.
  9886 | Gauntlet | Found a transporter.
  9897 | Gauntlet | Found a transporter.
  9901 | Gauntlet | Noticed a hell hog
  9906 | Gauntlet | Found a transporter.
  9922 | Gauntlet | Found a transporter.
  9932 | Gauntlet | Found a transporter.
  9941 | Gauntlet | Noticed a catoblepas
  9942 | Gauntlet | Found a transporter.
  9946 | Gauntlet | Noticed a great orb of eyes
  9966 | Gauntlet | Found a transporter.
  9966 | Gauntlet | Found a transporter.
  9968 | Gauntlet | Found a transporter.
  9975 | Gauntlet | Found a runed translucent gate.
  9976 | Gauntlet | Found a transporter.
  9976 | Gauntlet | Found a runed translucent gate.
  9977 | Gauntlet | Found a transporter.
  9977 | Gauntlet | Found a runed translucent gate.
 10016 | Gauntlet | Found a transporter.
 10063 | Gauntlet | HP: 3/62 [moth of wrath (6)]
 10166 | Gauntlet | Got a steaming pewter ring
 10169 | Gauntlet | Identified the ring of Binac {*Tele rN++ Str-2 Dex+3
                  | Slay+3} (You found it in a Gauntlet)
 10193 | Gauntlet | Killed a hell hog
 10215 | Gauntlet | Got a pitted hat
 10236 | Gauntlet | Identified the cursed -1 hat of the Evening Star {rPois
                  | SInv} (You found it in a Gauntlet)
 10244 | Gauntlet | Identified the +5 hunting sling "Naeppos" {vorpal, rC++
                  | MP+9 Stlth+}
 10244 | Gauntlet | Noticed a minotaur
 10250 | Gauntlet | Killed a minotaur
 10302 | D:11     | Reached skill level 5 in Armour
 10372 | D:11     | Reached skill level 1 in Evocations
 10589 | D:11     | Noticed a two-headed ogre
 10607 | D:11     | Killed a two-headed ogre
 10743 | D:11     | Found a staircase to the Orcish Mines.
 10959 | D:11     | Noticed a two-headed ogre
 10974 | D:11     | Killed a two-headed ogre
 10995 | D:11     | Found a staircase to the Lair.
 11055 | Lair:1   | Entered Level 1 of the Lair of Beasts
 11056 | Lair:1   | Noticed a six-headed hydra
 11070 | Lair:1   | Killed a six-headed hydra
 11202 | Lair:1   | Reached XP level 13. HP: 60/67 MP: 17/17
 11277 | Lair:1   | Found an ancient bone altar of Kikubaaqudgha.
 11933 | Lair:2   | Got a pitted leather armour
 12210 | Lair:2   | Identified the +5 leather armour of Slovenliness {Rampage
                  | +Inv} (You found it on level 2 of the Lair of Beasts)
 12736 | Lair:2   | Found a hole to the Spider Nest.
 12915 | Lair:2   | Upgraded the game from 0.27-a0-34-gc18c9092ac to
                  | 0.27-a0-40-g5f2be0e231
 14050 | Lair:4   | Reached XP level 14. HP: 41/74 MP: 18/18
 14239 | Lair:4   | Got a polished whip
 14267 | Lair:4   | Reached skill level 5 in Evocations
 14507 | Lair:4   | Found a dark tunnel.
 14627 | Volcano  | Entered a volcano
 15436 | Lair:4   | Found a staircase to the Shoals.
 16885 | Lair:6   | Entered Level 6 of the Lair of Beasts
 16995 | Lair:6   | Noticed a dire elephant
 16997 | Lair:6   | Killed a dire elephant
 17037 | Lair:6   | Reached XP level 15. HP: 52/79 MP: 15/21
 17789 | Lair:6   | Reached skill level 10 in Fighting
 17980 | Lair:6   | Found a runed translucent door.
 18013 | Lair:6   | Found a runed translucent door.
 18015 | Lair:6   | Found a viscous altar of Jiyva.
 18015 | Lair:6   | Noticed an acid blob
 18031 | Lair:6   | Noticed an acid blob
 18031 | Lair:6   | Noticed an acid blob
 18032 | Lair:6   | Found a staircase to the Slime Pits.
 18072 | Lair:6   | Noticed Tungsten's ghost (journeyman DEIE)
 18150 | Lair:6   | Killed Tungsten's ghost
 18349 | Orc:1    | Entered Level 1 of the Orcish Mines
 18455 | Orc:2    | Entered Level 2 of the Orcish Mines
 18455 | Orc:2    | Noticed an orc warlord
 18589 | Orc:1    | Killed an orc warlord
 19295 | Orc:2    | Reached skill level 10 in Dodging
 19449 | Orc:2    | Found a gateway to a bazaar.
 19810 | Orc:2    | HP: 2/81 [orc knight/+1 war axe of freezing (10)]
 19810 | Orc:2    | Slain by an orc knight

Illustrated notes

Levels and vault maps discovered:
D:1:      roderic_crop_circles_arrival_small, layout_loops_cross
D:2:      layout_rooms, minmay_box_of_dots
D:3:      layout_basic, kennysheep_pointless_box, uniq_robin, uniq_ijyb,
          uniq_jessica, uniq_natasha
D:4:      layout_loops_corners, zin_academy, minitemple,
          minmay_temple_entry_stoned_glass
D:5:      layout_layer_cave, portal_sewer_entry_b, evilmike_ruin_ashenzari
D:6:      layout_loops_ring, nemelex_xobeh_ov_fountains_minmay
D:7:      layout_layer_cave
D:8:      layout_loops_ring, minivault_29
D:9:      layout_gridville, uniq_grum
D:10:     layout_cave_pools, chequers_serial_rivers_small_a,
          kennysheep_opposing_triangles, uniq_erica
D:11:     layout_basic, erik_lair_island, hiddenorc1_lemuel,
          gauntlet_entry_generic, kennysheep_big_empty_room
Temple:   minmay_crystal_spiral_temple
Lair:1:   layout_regular_city, basic_altar, lemuel_fruit_tree
Lair:2:   layout_gridlike, nicolae_spider_entry_orb_guardian
Lair:3:   layout_regular_city, small_statue_intersection
Lair:4:   layout_loops_ring, minmay_shoals_entry_beasts, enter_volcano_1,
          minmay_lair_oklob_chamber, infiniplex_staircase_pool_2
Lair:5:   layout_concentric_octagons, beast_lair_carwin_8
Lair:6:   hangedman_lair_in_review, layout_hall_layers, slime_altar_2,
          ebering_ghost_inner_flame
Orc:1:    layout_caves, serial_shops, nicolae_shop_crystal,
          okawaru_metal_pillars_1_2
Orc:2:    grunt_orc_tribal_feast, layout_caves, portal_ice_cave_rime,
          serial_shops, statue_bzr, maelrawn_ghost_gauntlet_escape,
          nicolae_orc_rich_vein

Skill      XL: |  1  2  3  4  5  6  7  8  9 10 11 12 13 14 15 |
---------------+----------------------------------------------+-----
Short Blades   | 2 3 4 5 6 7 8 9 10 11 12 14 | 14.0
Stealth        | 5 6 7 8 9 10 11 12 13 14 | 14.0
Invocations    | 1 3 4 5 6 8 |  8.8
Fighting       | 3 4 5 6 7 8 9 10 | 10.7
Dodging        | 2 3 4 5 6 7 8 10 | 10.2
Armour         | 1 3 4 5 |  5.0
Shields        | 2 4 |  4.0
Evocations     | 2 4 5 |  5.0
Throwing       | |  1.7

Action                   |  1- 3 |  4- 6 |  7- 9 | 10-12 | 13-15 || total
-------------------------+-------+-------+-------+-------+-------++-------
Melee: Dagger            |   100 |   148 |   283 |   646 |  1428 ||  2605
       Bite              |    26 |    42 |   107 |   276 |   665 ||  1116
       Scimitar          |       |       |       |       |     1 ||     1
Throw: Dart              |       |     2 |       |     3 |       ||     5
Invok: Stomp             |       |       |       |       |     2 ||     2
       Line Pass         |       |       |       |       |     2 ||     2
Evoke: Wand              |       |       |       |    13 |    17 ||    30
  Use: Scroll            |       |       |    15 |     8 |     8 ||    31
       Potion            |       |       |       |     2 |     1 ||     3
 Stab: Sleeping          |     4 |    13 |    24 |    27 |    50 ||   118
       Paralysed         |       |       |    17 |    37 |    77 ||   131
       Distracted        |       |       |     1 |       |     8 ||     9
       Invisible         |       |       |       |     2 |       ||     2
       Confused          |       |       |       |       |     1 ||     1
       Petrified         |       |       |       |       |     1 ||     1
Armor: Robe              |    22 |    11 |     7 |       |       ||    40
       Troll leather arm |       |       |    34 |       |       ||    34
       Ring mail         |       |       |     8 |   104 |    47 ||   159
       Leather armour    |       |       |       |       |   141 ||   141
Dodge: Dodged            |    55 |    50 |   130 |   322 |   807 ||  1364
Block: Buckler           |       |       |       |    81 |   260 ||   341

Table legend: (Time is in decaauts)
 A = Elapsed time spent in this place.
 B = Non-inter-level travel time spent in this place.
 C = Inter-level travel time spent in this place.
 D = Time resting spent in this place.
 E = Time spent auto-exploring this place.
 F = Levels seen in this place.
 G = Mean time per level.
                   A        B        C        D        E       F      G
               +--------+--------+--------+--------+--------+-----+--------+
         Total |  18672 |  17135 |   1537 |   1198 |  11618 |  23 |  811.8 |
       Dungeon |  10161 |   9326 |    835 |    365 |   6795 |  11 |  923.7 |
        Temple |    168 |     84 |     84 |      0 |     83 |   1 |  168.0 |
          Lair |   5973 |   5412 |    561 |    312 |   3934 |   6 |  995.5 |
  Orcish Mines |   1296 |   1240 |     56 |    372 |    336 |   2 |  648.0 |
         Sewer |    178 |    178 |      0 |     20 |     93 |   1 |  178.0 |
       Volcano |    531 |    531 |      0 |     74 |    215 |   1 |  531.0 |
      Gauntlet |    362 |    362 |      0 |     55 |    161 |   1 |  362.0 |
               +--------+--------+--------+--------+--------+-----+--------+

Top non-repeatable levels by time:
     D:7: 1271 daAuts
  Lair:6: 1208 daAuts
     D:1: 1122 daAuts
  Lair:2: 1077 daAuts
     D:9: 1037 daAuts
  Lair:3: 1031 daAuts
     D:4: 1009 daAuts
     D:5: 1001 daAuts
     D:8: 982 daAuts
  Lair:4: 971 daAuts
  Lair:1: 889 daAuts
    D:11: 844 daAuts
     D:3: 829 daAuts
  Lair:5: 794 daAuts
     D:2: 788 daAuts
